[Event "*** SCC Grand Prix: Titled Tuesday Blitz"]
[Site "Chess.com"]
[Date "2020.09.29"]
[Round "9"]
[White "GM_LOADING"]
[Black "anon219"]
[Result "0-1"]
[WhiteElo "2515"]
[BlackElo "2744"]
[TimeControl "180+1"]
[EndTime "11:39:41 PDT"]
[Termination "anon219 won by resignation"]

1. e4 c5 2. Nf3 a6 3. c4 e6 4. d4 cxd4 5. Nxd4 Nf6 6. Nc3 Qc7 7.
a3 b6 8. Be3 Bb7 9. f3 Be7 10. Be2 O-O 11. O-O d6 12. Rc1 Nbd7 13. b4 Rfc8 14. Qe1 Rab8 15. Qf2 Qd8 16. Rfd1 h6 17.
Nb3 Ba8 18. Rd2 Ne5 19. Na4 b5 20. Nb6 bxc4 21. Nxc8 Rxc8 22. Na5 d5 23. Nxc4 Qe8 0-1

[Event "*** SCC Grand Prix: Titled Tuesday Blitz"]
[Site "Chess.com"]
[Date "2020.09.29"]
[Round "9"]
[White "josorio78"]
[Black "dopolian"]
[Result "0-1"]
[WhiteElo "2324"]
[BlackElo "2438"]
[TimeControl "180+1"]
[EndTime "11:39:52 PDT"]
[Termination "dopolian won by resignation"]

1. Nf3 Nf6 2. g3 b6 3. Bg2 Bb7 4. O-O g6 5. d3 Bg7 6. e4 d5 7. exd5 Nxd5 8. Re1 O-O 9. c3 Nd7 10. d4 e6 11. Nbd2 c5 12. Nc4 Qc7 13. Bg5 cxd4 14. Bf1 dxc3 15. bxc3 Nxc3 16. Qd2 Bxf3 17. Rac1 Ne4 18.
Qe3 Nxg5 19. Qxg5 Qc5 20. Qf4 Qf5 21. Qd6 Nc5 22. Ne3 Qe5 23. Qe7 Bf6 0-1

[Event "*** SCC Grand Prix: Titled Tuesday Blitz"]
[Site "Chess.com"]
[Date "2020.09.29"]
[Round "9"]
[White "tsvet2005"]
[Black "LogoCzar"]
[Result "1-0"]
[WhiteElo "2645"]
[BlackElo "2437"]
[TimeControl "180+1"]
[EndTime "11:40:02 PDT"]
[Termination "tsvet2005 won by resignation"]

1. d4 d5 2. c4 c6 3. Nf3 Nf6 4. g3 dxc4 5. Bg2 b5 6. a4 Bb7 7.
b3 cxb3 8. Qxb3 a6 9. Ba3 Qd5 10. Qc2 e6 11. Bxf8 Kxf8 12. O-O Qe4 13. Qb2 Qd5 14. Ne5 Qd6 15. Nd2 Nbd7 16. Rfc1 Nd5 17.
Ne4 Qc7 18. axb5 axb5 19. Rxa8+ Bxa8 20. Qa3+ 1-0

[Event "*** SCC Grand Prix: Titled Tuesday Blitz"]
[Site "Chess.com"]
[Date "2020.09.29"]
[Round "9"]
[White "anasta10"]
[Black "Unknown_IM"]
[Result "0-1"]
[WhiteElo "2503"]
[BlackElo "2348"]
[TimeControl "180+1"]
[EndTime "11:40:25 PDT"]
[Termination "Unknown_IM won by checkmate"]

1. d4 d5 2. c4 e6 3. Nc3 c6 4. e3 Nf6 5. Nf3 Nbd7 6. b3 Bb4 7. Bd2 b6 8. Bd3 Bb7 9. O-O Bd6 10. Qe2 O-O 11.
Rfd1 Qe7 12. e4 dxe4 13. Nxe4 Nxe4 14. Qxe4 Nf6 15. Qh4 c5 16. Bg5 h6 17. Bxf6 Qxf6 18. Qxf6 gxf6 19. dxc5 Bxc5 20. Be2 Rad8 21. Rxd8 Rxd8 22.
Rd1 Rxd1+ 23. Bxd1 Be4 24. Nd2 Bd3 25. g3 f5 26. Kg2 Kg7 27. Kf3 Kf6 28. Be2 Bc2 29.
Nf1 Be4+ 30. Kf4 e5# 0-1

[Event "*** SCC Grand Prix: Titled Tuesday Blitz"]
[Site "Chess.com"]
[Date "2020.09.29"]
[Round "9"]
[White "ZverevLev"]
[Black "Th3_Hound"]
[Result "0-1"]
[WhiteElo "2354"]
[BlackElo "2514"]
[TimeControl "180+1"]
[EndTime "11:40:36 PDT"]
[Termination "Th3_Hound won on time"]

1. e4 e5 2. Nf3 Nc6 3. Bc4 Bc5 4. c3 Nf6 5. d3 d6 6. Bb3 h6 7. Nbd2 a5 8. O-O O-O 9. h3 Be6 10. Bc2 Re8 0-1

[Event "*** SCC Grand Prix: Titled Tuesday Blitz"]
[Site "Chess.com"]
[Date "2020.09.29"]
[Round "9"]
[White "cassoulet"]
[Black "goldenpuppy"]
[Result "1-0"]
[WhiteElo "2635"]
[BlackElo "2406"]
[TimeControl "180+1"]
[EndTime "11:40:48 PDT"]
[Termination "cassoulet won by resignation"]

1. d4 Nf6 2. c4 e6 3. Nc3 Bb4 4. e3 O-O 5. Bd2 d5 6. Nf3 c5 7. cxd5 exd5 8. dxc5 Bxc5 9. Bd3 Nc6 10. O-O a6 11.
Rc1 Ba7 12. a3 d4 13. exd4 Nxd4 14. Nxd4 Qxd4 15. Be3 Qg4 16. Bxa7 Qxd1 17. Rfxd1 Rxa7 18. Na4 Bd7 19. Nb6 Bc6 20. f3 a5 21. Rc5 Nd7 22. Nxd7 Bxd7 23. Bxh7+ Kxh7 24. Rxd7 Kg6 25. Rb5 Rb8 26. Rb6+ f6 27. Kf2 Ra6 28. Rbxb7 Rxb7 29. Rxb7 Rc6 30. g4 Rc2+ 31. Kg3 a4 32. h4 Kh6 33. Rb6 Kg6 34. h5+ Kf7 35. Kf4 Ke7 36.
Rb4 Ke6 37. Rb7 Rc4+ 38. Kg3 Rc2 39. Rxg7 Rxb2 40. Ra7 1-0

[Event "*** SCC Grand Prix: Titled Tuesday Blitz"]
[Site "Chess.com"]
[Date "2020.09.29"]
[Round "9"]
[White "mishanick"]
[Black "Msb2"]
[Result "0-1"]
[WhiteElo "3003"]
[BlackElo "2929"]
[TimeControl "180+1"]
[EndTime "11:40:54 PDT"]
[Termination "Msb2 won by resignation"]

1. d4 Nf6 2. c4 e6 3. Nc3 Bb4 4. Qc2 d5 5. cxd5 exd5 6. Bg5 h6 7. Bh4 g5 8. Bg3 Nc6 9. e3 h5 10. Bb5 h4 11. Be5 O-O 12. h3 Ne4 13. Nf3 Nxe5 14. Nxe5 f6 15. Nf3 c6 16. Bd3 Qe7 17. Nd2 f5 18. a3 Bd6 19. Nf3 Bd7 20. Ne2 Kh8 21. b4 Rae8 22. Qb2 Nxf2 23. Ne5 Qxe5 24. dxe5 Nxd3+ 0-1

[Event "*** SCC Grand Prix: Titled Tuesday Blitz"]
[Site "Chess.com"]
[Date "2020.09.29"]
[Round "9"]
[White "superchthonic"]
[Black "Rakesh"]
[Result "0-1"]
[WhiteElo "2560"]
[BlackElo "2451"]
[TimeControl "180+1"]
[EndTime "11:41:00 PDT"]
[Termination "Rakesh won by resignation"]

1. Nf3 c5 2. g3 d5 3. Bg2 Nc6 4. O-O Nf6 5. d3 e5 6. Nbd2 Bd6 7. e4 O-O 8. exd5 Nxd5 9. Nc4 Re8 10. a4 Bg4 11. h3 Bh5 12. c3 Bc7 13. Qb3 b6 14. Ng5 Be2 15. Re1 Bxd3 16. Nxe5 c4 17. Qb5 Nxe5 18.
Bxd5 h6 19. Nxf7 Nxf7 20. Rxe8+ Qxe8 21. Bxa8 Qe1+ 22. Kh2 Qxf2+ 23. Bg2 Bxg3+ 0-1

[Event "*** SCC Grand Prix: Titled Tuesday Blitz"]
[Site "Chess.com"]
[Date "2020.09.29"]
[Round "9"]
[White "Khnykin_Nikolay"]
[Black "GMJustin"]
[Result "0-1"]
[WhiteElo "2087"]
[BlackElo "2265"]
[TimeControl "180+1"]
[EndTime "11:41:00 PDT"]
[Termination "GMJustin won by checkmate"]

1. e4 e5 2. Nf3 Nc6 3. Bc4 Bc5 4. b4 Bxb4 5. c3 Be7 6. Qb3 Nh6 7. d4 Na5 8. Qa4 Nxc4 9. Qxc4 exd4 10. Bxh6 gxh6 11.
Ne5 O-O 12. Qxd4 Bf6 13. f4 d6 14. Qf2 dxe5 15. Qg3+ Bg7 16. fxe5 Qg5 17. Qxg5 hxg5 18. O-O Bxe5 19. Rf5 Bxf5 20. exf5 Rad8 21. Na3 Bxc3 22. Rc1 Bb2 23. Rxc7 Bxa3 24. Rxb7 Rd2 25. Rxa7 Bc5+ 26. Kf1 Bxa7 27. g4 Rb8 28. Ke1 Rxa2 29. h4 Rb1# 0-1

[Event "*** SCC Grand Prix: Titled Tuesday Blitz"]
[Site "Chess.com"]
[Date "2020.09.29"]
[Round "9"]
[White "ExtremeLearner"]
[Black "nrvisakh"]
[Result "0-1"]
[WhiteElo "2332"]
[BlackElo "2778"]
[TimeControl "180+1"]
[EndTime "11:41:11 PDT"]
[Termination "nrvisakh won by resignation"]

1. d4 Nf6 2. Bf4 g6 3. Nc3 d5 4. e3 Bg7 5. h4 h5 6. Nf3 O-O 7. Qd2 c5 8. dxc5 Qa5 9. a3 Qxc5 10. Rd1 Rd8 11. b4 Qb6 12. Na4 Qc6 13. b5 Qe8 14. Nc5 b6 15. Nb3 Ne4 16. Qd3 Bc3+ 17. Ke2 Bf5 18. Qxd5 Rxd5 19. Rxd5 Be6 20. Rd1 Bc4+ 21.
Rd3 Bxd3+ 22. cxd3 Qxb5 23. Nfd4 Bxd4 24. Nxd4 Qb2+ 25. Kf3 Nd2+ 26. Kg3 Qc1 27. e4 Nxf1+ 0-1

[Event "*** SCC Grand Prix: Titled Tuesday Blitz"]
[Site "Chess.com"]
[Date "2020.09.29"]
[Round "9"]
[White "RestartingChess"]
[Black "ChelsieMonica"]
[Result "0-1"]
[WhiteElo "2500"]
[BlackElo "2382"]
[TimeControl "180+1"]
[EndTime "11:41:14 PDT"]
[Termination "ChelsieMonica won by checkmate"]

1. e4 e5 2. Nf3 Nc6 3. Bc4 Bc5 4. c3 Nf6 5. O-O d6 6. d4 Bb6 7. h3 h6 8. Re1 O-O 9. Na3 Re8 10. dxe5 Nxe5 11.
Nxe5 dxe5 12. Be3 Be6 13. Bxe6 Rxe6 14. Bxb6 axb6 15. f3 Rd6 16. Qb3 Qe7 17. Rad1 Rad8 18. Nc4 Rxd1 19. Rxd1 Rxd1+ 20. Qxd1 Qc5+ 21. Kh2 Qxc4 22. Qd8+ Kh7 23. Qe7 Qxa2 24. Qxc7 Qxb2 25. Qxb7 Qxc3 26.
Qxb6 Qd2 27. Qc7 Qf4+ 28. Kg1 Nh5 29. Qe7 Ng3 30. Qc7 h5 31. h4 Ne2+ 32. Kf2 Nd4 33. Qe7 Qd2+ 34. Kg1 Ne2+ 35. Kh1 Qe1+ 36. Kh2 Qg1+ 37.
Kh3 Qh1# 0-1

[Event "*** SCC Grand Prix: Titled Tuesday Blitz"]
[Site "Chess.com"]
[Date "2020.09.29"]
[Round "9"]
[White "GmSergioBarrientos"]
[Black "bazar-wokzal"]
[Result "0-1"]
[WhiteElo "2679"]
[BlackElo "2500"]
[TimeControl "180+1"]
[EndTime "11:41:17 PDT"]
[Termination "bazar-wokzal won by resignation"]

1. e4 Nc6 2. Nf3 d5 3. exd5 Qxd5 4.
Nc3 Qa5 5. Bb5 Bd7 6. d4 a6 7. Ba4 O-O-O 8. Bd2 Nxd4 9. Nxd4 Bxa4 10. Qg4+ Bd7 11. Qf3 Nf6 12. O-O-O Bg4 13. Qe3 Bxd1 14. Rxd1 e6 15. Nb3 Qb6 16. Qf3 Bb4 17. Re1 Rd7 18. a3 Bxc3 19. Bxc3 Rhd8 20. g4 Qd6 21. h4 Qd5 22.
Qf4 Qd1+ 0-1

[Event "*** SCC Grand Prix: Titled Tuesday Blitz"]
[Site "Chess.com"]
[Date "2020.09.29"]
[Round "9"]
[White "DenLaz"]
[Black "Lion-Al-Messi"]
[Result "1-0"]
[WhiteElo "2800"]
[BlackElo "2534"]
[TimeControl "180+1"]
[EndTime "11:41:31 PDT"]
[Termination "DenLaz won by resignation"]

1. Nf3 d5 2. b3 Nf6 3. Bb2 Nc6 4. c4 d4 5. e3 e5 6. exd4 exd4 7. d3 Bb4+ 8. Nbd2 O-O 9. Be2 Re8 10.
O-O Bf5 11. a3 Bd6 12. b4 a5 13. b5 Ne5 14. Qc2 Neg4 15. Rfe1 Nh5 16. h3 Nf4 17. Bf1 Ne5 18. Nxe5 Bxe5 19. Nf3 f6 20. a4 Qd7 21. c5 Qf7 22. Bxd4 Qg6 23. Bxe5 fxe5 24. Kh2 Nxd3 25. Bxd3 Bxd3 26. Qb3+ Kh8 27. Nxe5 Rxe5 28.
Rxe5 Rf8 29. Rae1 h6 30. Qe6 Rxf2 31. Qxg6 Bxg6 32. Re7 Bf7 33. Rd1 c6 34. Rxb7 Bd5 35.
Rxd5 cxd5 36. c6 Rc2 37. Rd7 Rxc6 38. bxc6 1-0

[Event "*** SCC Grand Prix: Titled Tuesday Blitz"]
[Site "Chess.com"]
[Date "2020.09.29"]
[Round "9"]
[White "ChessArchitect64"]
[Black "Sesleria"]
[Result "1-0"]
[WhiteElo "1998"]
[BlackElo "2090"]
[TimeControl "180+1"]
[EndTime "11:41:38 PDT"]
[Termination "ChessArchitect64 won by resignation"]

1. e4 c5 2. Nf3 Nc6 3. Bb5 g6 4. O-O Bg7 5. c3 e5 6. d3 Nge7 7. Be3 d6 8. Nbd2 a6 9. Ba4 O-O 10. Bc2 b5 11. a4 Bb7 12. Nb3 c4 13. dxc4 bxc4 14. Nbd2 Na5 15. Qe2 Qc7 16. Ne1 d5 17. exd5 Nxd5 18. Be4 Nxe3 19. Qxe3 f5 20. Bxb7 Qxb7 21. Rb1 Rad8 22. Qe2 Qc6 23. Nef3 Rfe8 24. Rfd1 e4 25. Ne1 Rd3 26. Nxd3 exd3 27. Qf3 Re2 28. Qxc6 Nxc6 29. Nxc4 1-0

[Event "*** SCC Grand Prix: Titled Tuesday Blitz"]
[Site "Chess.com"]
[Date "2020.09.29"]
[Round "9"]
[White "liczner"]
[Black "LiamVrolijk"]
[Result "1-0"]
[WhiteElo "2711"]
[BlackElo "2835"]
[TimeControl "180+1"]
[EndTime "11:41:43 PDT"]
[Termination "liczner won by resignation"]

1. e4 e5 2. Nf3 Nc6 3. Bb5 a6 4.
Bxc6 bxc6 5. Nxe5 Qg5 6. Nf3 Qxg2 7. Rg1 Qh3 8. d3 d5 9. Rg3 Qh5 10. Rg5 Qh3 11. Rg3 Qe6 12. Nc3 Nf6 13. Qe2 Nh5 14. Rg5 g6 15. Re5 Bg7 16. Rxe6+ Bxe6 17. exd5 cxd5 18. Ng5 Kd7 19. Nxe6 fxe6 20. Bd2 Rac8 21. O-O-O Rb8 22. Re1 Rhe8 23. Na4 Rb5 24. c4 Rbb8 25.
Bc3 Nf4 26. Qf3 Bh6 27. Bd2 Rf8 28. Nc5+ Kd6 29. Nxe6 1-0

[Event "*** SCC Grand Prix: Titled Tuesday Blitz"]
[Site "Chess.com"]
[Date "2020.09.29"]
[Round "9"]
[White "misterlamine"]
[Black "lider34"]
[Result "1-0"]
[WhiteElo "2307"]
[BlackElo "2379"]
[TimeControl "180+1"]
[EndTime "11:41:45 PDT"]
[Termination "misterlamine won by resignation"]

1. d4 Nf6 2. Nf3 g6 3. e3 Bg7 4. Be2 d6 5. O-O O-O 6. c4 Nbd7 7. Nc3 e5 8. dxe5 dxe5 9. b3 Re8 10. Bb2 Qe7 11.
Nd5 Nxd5 12. cxd5 e4 13. Nd4 a6 14. Rb1 Nb6 15. Bc4 Rd8 16. Ne2 Bg4 17. Bxg7 Kxg7 18. Qd4+ Kg8 19. Ng3 Re8 20. h3 Bd7 21. Be2 Rad8 22.
Rbc1 Bc6 23. Nxe4 Bxd5 24. Nf6+ Kf8 25. Nxh7+ Kg8 26. Nf6+ Kf8 27. Nxd5 1-0

[Event "*** SCC Grand Prix: Titled Tuesday Blitz"]
[Site "Chess.com"]
[Date "2020.09.29"]
[Round "9"]
[White "PLAYER_2006_M"]
[Black "PowerThinking2650"]
[Result "1-0"]
[WhiteElo "2555"]
[BlackElo "2371"]
[TimeControl "180+1"]
[EndTime "11:41:49 PDT"]
[Termination "PLAYER_2006_M won by resignation"]

1. d4 Nf6 2. Nc3 d5 3. Bf4 e6 4.
Nb5 Na6 5. e3 c6 6. Nc3 Bd6 7.
Bxa6 bxa6 8. Nf3 O-O 9. O-O Bxf4 10. exf4 Rb8 11. Na4 Ne4 12. c3 a5 13. Re1 Bd7 14. b3 c5 15. Nxc5 Nxc3 16. Qd2 Ne4 17. Nxe4 dxe4 18. Ne5 f5 19. d5 Be8 20. d6 Bd7 21.
Rac1 a4 22. Rc7 Bb5 23. bxa4 Bd3 24. Qc3 Rc8 25. Nxd3 Rxc7 26. dxc7 1-0

[Event "*** SCC Grand Prix: Titled Tuesday Blitz"]
[Site "Chess.com"]
[Date "2020.09.29"]
[Round "9"]
[White "manuellarrea"]
[Black "VladimirBugayev"]
[Result "0-1"]
[WhiteElo "2090"]
[BlackElo "2257"]
[TimeControl "180+1"]
[EndTime "11:41:50 PDT"]
[Termination "VladimirBugayev won by resignation"]

1. e4 c6 2. d4 d5 3. exd5 cxd5 4. c4 Nf6 5. Nc3 Nc6 6. Nf3 Bg4 7. cxd5 Nxd5 8. Qb3 Bxf3 9. gxf3 e6 10. Qxb7 Nxd4 11.
Bb5+ Nxb5 12. Qc6+ Ke7 13. Qxb5 Nxc3 14. bxc3 Qd5 15.
a4 a6 16. Qxd5 exd5 17. Rb1 Ke6 18. Be3 Bd6 19. Kd2 Rab8 20. h4 Rxb1 21. Rxb1 Rb8 22.
Rxb8 Bxb8 23. Bd4 g6 24. Ke3 Kf5 25. Bh8 Ba7+ 26. Bd4 Bb8 27. Bh8 Ke6 28. Bd4 Bc7 29.
Kd3 Bd8 30. c4 dxc4+ 31. Kxc4 Bxh4 32. Kc5 Bd8 33. Kc6 h5 34. Bb6 Bxb6 35. Kxb6 h4 36.
Kxa6 h3 37. Kb6 h2 38. a5 h1=Q 39. a6 Qxf3 40. a7 Qa8 0-1

[Event "*** SCC Grand Prix: Titled Tuesday Blitz"]
[Site "Chess.com"]
[Date "2020.09.29"]
[Round "9"]
[White "Rital44"]
[Black "rududuyk"]
[Result "1-0"]
[WhiteElo "2351"]
[BlackElo "2156"]
[TimeControl "180+1"]
[EndTime "11:41:51 PDT"]
[Termination "Rital44 won by resignation"]

1. e4 e6 2. d4 d5 3. e5 c5 4.
c3 Nc6 5. Nf3 Bd7 6. Bd3 Qb6 7.
O-O cxd4 8. cxd4 Nxd4 9. Nbd2 Nc6 10. Nb3 Nge7 11. Be3 Qc7 12. Rc1 Ng6 13. Re1 Bb4 14. Re2 O-O 15. Nc5 Rfd8 16. a3 Bxc5 17. Bxc5 Ngxe5 18. Nxe5 Nxe5 19. Bxa7 Bc6 20. Bd4 Ng6 21. b4 Rxa3 22. b5 Rxd3 23. Qxd3 Nf4 24. Qe3 Nxe2+ 25. Qxe2 Bxb5 26. Qb2 Qd7 27. Bxg7 d4 28. Bf6 Rc8 29.
Rxc8+ Qxc8 30. Qxb5 Qc1+ 31. Qf1 Qd2 32. Qa1 1-0

[Event "*** SCC Grand Prix: Titled Tuesday Blitz"]
[Site "Chess.com"]
[Date "2020.09.29"]
[Round "9"]
[White "Loy_Konstantin"]
[Black "blitzking1729"]
[Result "0-1"]
[WhiteElo "2385"]
[BlackElo "2548"]
[TimeControl "180+1"]
[EndTime "11:41:53 PDT"]
[Termination "blitzking1729 won by resignation"]

1. e4 d6 2. d4 Nf6 3. Nc3 e5 4. Nf3 exd4 5. Nxd4 g6 6. Be2 Bg7 7. O-O O-O 8. h3 Re8 9. Bf3 Nbd7 10. g3 Nc5 11. Bg5 Bxh3 12. Bg2 Bxg2 13. Kxg2 Ncxe4 14.
Nxe4 Rxe4 15. Qd3 Re8 16. Rh1 Qd7 17. Nf3 Ng4 18. Rh4 Ne5 19. Nxe5 Rxe5 20. Bf4 Qc6+ 21. f3 Rd5 22. Qe4 Re8 23. Qb4 Qxc2+ 24. Kh3 g5 25. Rc1 Qf5+ 26. Rg4 h5 0-1

[Event "*** SCC Grand Prix: Titled Tuesday Blitz"]
[Site "Chess.com"]
[Date "2020.09.29"]
[Round "9"]
[White "Egorov_Pavel"]
[Black "Jadeit90"]
[Result "0-1"]
[WhiteElo "2431"]
[BlackElo "2343"]
[TimeControl "180+1"]
[EndTime "11:41:58 PDT"]
[Termination "Jadeit90 won by checkmate"]

1. d4 g6 2. c4 Bg7 3. Nc3 c5 4. d5 d6 5. e4 Nf6 6. Bd3 O-O 7. Nge2 e6 8. O-O exd5 9. cxd5 Na6 10. f4 Nc7 11. a4 Rb8 12. Re1 a6 13. Be3 b5 14.
axb5 axb5 15. e5 Nfxd5 16. Nxd5 Nxd5 17. Bf2 Nb4 18. Nc3 c4 19. Be4 dxe5 20. Bc5 Nd3 21. Bxd3 cxd3 22. Bxf8 Bxf8 23. fxe5 Bb7 24. Kh1 Qg5 25.
Ne4 Qxe5 26. Ng3 Qd5 27. Qd2 Bb4 28. Qf2 Bxe1 29. Rxe1 d2 30. Rd1 Re8 31. Rxd2 Qxg2+ 32. Qxg2 Re1+ 33. Nf1 Rxf1# 0-1

[Event "*** SCC Grand Prix: Titled Tuesday Blitz"]
[Site "Chess.com"]
[Date "2020.09.29"]
[Round "9"]
[White "jamalm2"]
[Black "cukin84"]
[Result "0-1"]
[WhiteElo "1707"]
[BlackElo "2097"]
[TimeControl "180+1"]
[EndTime "11:42:05 PDT"]
[Termination "cukin84 won on time"]

1. d4 f5 2. c4 Nf6 3. Nc3 g6 4. g3 Bg7 5. Bg2 O-O 6. Nf3 d6 7. O-O Qe8 8. d5 a5 9. a4 Na6 10. Nd4 Bd7 11. Ne6 Bxe6 12. dxe6 c6 13. Bf4 Nc5 14. Bg5 Nxe6 15. h4 h6 16. Be3 Ng4 17. Qd2 Qf7 18. Bh3 Nxe3 19. Qxe3 Bd4 20. Qd3 Qf6 21.
e3 Bb6 22. Rad1 Nc5 23. Qc2 e5 24. Bg2 f4 25. exf4 exf4 26. Ne4 Nxe4 27. Qxe4 fxg3 0-1

[Event "*** SCC Grand Prix: Titled Tuesday Blitz"]
[Site "Chess.com"]
[Date "2020.09.29"]
[Round "9"]
[White "malakismayil"]
[Black "DarZay"]
[Result "1-0"]
[WhiteElo "2324"]
[BlackElo "2109"]
[TimeControl "180+1"]
[EndTime "11:42:12 PDT"]
[Termination "malakismayil won by resignation"]

1. e4 c5 2. Nf3 d6 3. d4 cxd4 4. Nxd4 Nf6 5. Nc3 Nc6 6. Nxc6 bxc6 7. Bc4 e5 8. O-O Be7 9. Kh1 O-O 10. f4 Qb6 11.
Rb1 Bg4 12. Qe1 Rad8 13. h3 Be6 14. Bb3 Bxb3 15. axb3 d5 16. fxe5 Nxe4 17. Nxe4 dxe4 18. Qxe4 Rd4 19. Qf3 f6 20. Be3 fxe5 21. Bxd4 Rxf3 22. Bxb6 Rxf1+ 23. Rxf1 axb6 24. Re1 Bd6 25. Kg1 Kf7 26. Kf2 Ke6 27. Ke3 g5 28. Ke4 Bc5 29. Rf1 Bd4 30. c3 Bc5 31. Rf5 Be7 32. Rxe5+ Kf6 33. Rf5+ Kg6 34.
b4 c5 35. bxc5 Bxc5 36. Rd5 h5 37. b4 Bf2 38. c4 g4 39. hxg4 hxg4 40. c5 bxc5 41.
bxc5 Kf6 42. c6 Bb6 43. Re5 Bc7 44. Rd5 Ke6 45. Rd7 Ba5 46. Kf4 Be1 47. Kxg4 1-0

[Event "*** SCC Grand Prix: Titled Tuesday Blitz"]
[Site "Chess.com"]
[Date "2020.09.29"]
[Round "9"]
[White "MariaFominykh"]
[Black "aljado"]
[Result "1-0"]
[WhiteElo "2321"]
[BlackElo "2076"]
[TimeControl "180+1"]
[EndTime "11:42:12 PDT"]
[Termination "MariaFominykh won by checkmate"]

1. d4 d5 2. c4 c6 3. Nc3 Nf6 4. Nf3 e6 5. Bg5 dxc4 6. e4 b5 7. e5 h6 8. Bh4 g5 9. Bg3 Nd5 10. Be2 Bg7 11. Ne4 Qa5+ 12. Nfd2 O-O 13. h4 c3 14. bxc3 Nxc3 15. Nxc3 Qxc3 16. hxg5 Qxd4 17. Rh4 Qb2 18. Rb1 Qc3 19. Rb3 Qa5 20. gxh6 Bh8 21. Rg4+ Kh7 22. Qb1+ Kxh6 23. Bf4+ Kh5 24. Qh7# 1-0

[Event "*** SCC Grand Prix: Titled Tuesday Blitz"]
[Site "Chess.com"]
[Date "2020.09.29"]
[Round "9"]
[White "Chamal_Gedgafov"]
[Black "Zemerovv"]
[Result "0-1"]
[WhiteElo "2140"]
[BlackElo "2292"]
[TimeControl "180+1"]
[EndTime "11:42:14 PDT"]
[Termination "Zemerovv won on time"]

1. d4 g6 2. c4 Bg7 3. e4 d6 4.
Nc3 Nc6 5. Be3 e5 6. Nge2 Nf6 7. d5 Ne7 8. h3 h5 9. g3 Neg8 10. Bg2 Bh6 11. Qd2 Bxe3 12. Qxe3 h4 13. g4 Qe7 14. O-O Nh7 15. b4 g5 16. c5 Ngf6 17. cxd6 cxd6 18. Nb5 O-O 19. Rfc1 Bd7 20. Nxa7 Bxg4 21. hxg4 Nxg4 22. Qb6 Qf6 23. Nb5 Rfd8 24. Bh3 Ra6 25. Qxd8+ Qxd8 26. Bxg4 Qb6 27. Nec3 Nf6 0-1

[Event "*** SCC Grand Prix: Titled Tuesday Blitz"]
[Site "Chess.com"]
[Date "2020.09.29"]
[Round "9"]
[White "gui_borba"]
[Black "LionTheLeon_06"]
[Result "0-1"]
[WhiteElo "2440"]
[BlackElo "2606"]
[TimeControl "180+1"]
[EndTime "11:42:15 PDT"]
[Termination "LionTheLeon_06 won by resignation"]

1. d4 Nf6 2. Bf4 b6 3. Nc3 Bb7 4. f3 d5 5. e3 e6 6. Qd2 a6 7.
O-O-O c5 8. g4 h6 9. h4 Nc6 10. Bh3 g6 11. Nge2 Bg7 12. Ng3 Qe7 13. Nce2 e5 14.
dxe5 Nxe5 15. Bg2 O-O-O 16. Nc3 Kb8 17. h5 Ka7 18. Bxe5 Qxe5 19. f4 Qe7 20. g5 Ne4 21. Bxe4 dxe4 22. Qg2 hxg5 23. fxg5 Qxg5 24. Qf2 gxh5 25.
Nf5 Be5 26. Rdg1 Qf6 27. Qe1 0-1

[Event "*** SCC Grand Prix: Titled Tuesday Blitz"]
[Site "Chess.com"]
[Date "2020.09.29"]
[Round "9"]
[White "shriyanasmallya"]
[Black "Larina_Marija"]
[Result "1-0"]
[WhiteElo "1627"]
[BlackElo "2172"]
[TimeControl "180+1"]
[EndTime "11:42:17 PDT"]
[Termination "shriyanasmallya won by checkmate"]

1. e4 c6 2. d4 d5 3. e5 c5 4. c3 Nc6 5. Nf3 Bg4 6. Be2 e6 7. Be3 Qb6 8. Qd2 Bxf3 9. Bxf3 h5 10. Na3 Nh6 11. O-O-O Nf5 12. Nb1 Nxe3 13. fxe3 c4 14. e4 dxe4 15. Bxe4 O-O-O 16. Qf4 Qc7 17. Bxc6 Qxc6 18.
Qxf7 g5 19. Rhf1 Bh6 20. Nd2 g4 21. Rf6 Rde8 22. Rdf1 Qxg2 23. R1f2 Qg1+ 24. Rf1 Qe3 25. R1f2 Rhf8 26. Qg6 Rxf6 27. Qxe8+ Kc7 28. Qe7+ Kc8 29. Qxf6 Qe1+ 30. Kc2 Bxd2 31. Qxe6+ Kc7 32. Rf7+ Kd8 33. Qd7# 1-0

[Event "*** SCC Grand Prix: Titled Tuesday Blitz"]
[Site "Chess.com"]
[Date "2020.09.29"]
[Round "9"]
[White "Tenamu"]
[Black "Caterpiller35"]
[Result "1-0"]
[WhiteElo "2380"]
[BlackElo "2479"]
[TimeControl "180+1"]
[EndTime "11:42:19 PDT"]
[Termination "Tenamu won on time"]

1. d4 Nf6 2. Nc3 e6 3. e4 d5 4. exd5 exd5 5. Bd3 Bg4 6. f3 Bh5 7.
Nge2 c6 8. O-O Bd6 9. Nf4 Bg6 10. Re1+ Kd7 11. Nxg6 hxg6 12. g3 Kc7 13. Bg5 Nbd7 14. Qe2 Rh5 15. f4 Qh8 16. h4 Re8 17. Qf3 Nh7 18.
a3 f5 19. b4 Ndf6 20. b5 Ng4 21. a4 Nxg5 22. fxg5 Rxe1+ 23. Rxe1 Rxh4 24. bxc6 bxc6 25.
Nxd5+ cxd5 26. Qxd5 Rh3 27. Qa5+ Kc8 28. Ba6+ 1-0

[Event "*** SCC Grand Prix: Titled Tuesday Blitz"]
[Site "Chess.com"]
[Date "2020.09.29"]
[Round "9"]
[White "KingHarii"]
[Black "wonderfultime"]
[Result "0-1"]
[WhiteElo "2718"]
[BlackElo "2914"]
[TimeControl "180+1"]
[EndTime "11:42:20 PDT"]
[Termination "wonderfultime won by resignation"]

1. c4 c6 2. Nf3 d5 3. e3 Nf6 4. b3 Bg4 5. Bb2 e6 6. Be2 Nbd7 7.
O-O Bd6 8. d3 O-O 9. Nbd2 Qe7 10. a3 a5 11. Qc2 Rfd8 12. Rfe1 h6 13. Nf1 Bf5 14. N3d2 Bh7 15. e4 dxe4 16. Nxe4 Be5 17. Nfg3 Nxe4 18. Nxe4 Bxb2 19. Qxb2 Bxe4 20. dxe4 Nc5 21.
Bf1 Qg5 22. b4 Rd2 23. Qc3 axb4 24. axb4 Rxa1 25. Qxa1 Nb3 26. Qa8+ Kh7 27. Qxb7 Qf4 28. f3 Nd4 29. Qa7 Nxf3+ 0-1

[Event "*** SCC Grand Prix: Titled Tuesday Blitz"]
[Site "Chess.com"]
[Date "2020.09.29"]
[Round "9"]
[White "PotapovaM"]
[Black "GHANDEEVAM2003"]
[Result "0-1"]
[WhiteElo "2567"]
[BlackElo "2985"]
[TimeControl "180+1"]
[EndTime "11:42:20 PDT"]
[Termination "GHANDEEVAM2003 won on time"]

1. d4 g6 2. e4 Bg7 3. Nc3 b6 4. Be3 Bb7 5. h4 h6 6. f4 h5 7. e5 Nh6 8. Nf3 d6 9. Bd3 Ng4 10. Qe2 e6 11. O-O-O a6 12. d5 exd5 13. exd6 O-O 14.
dxc7 Qxc7 15. Bd2 Nd7 16. f5 Rae8 17. Qf1 Qd6 18. Ng5 Nc5 19. Be2 Ne3 20. Bxe3 Rxe3 21. g4 Rxc3 22. bxc3 Bxc3 23. Qh3 Ne4 0-1

[Event "*** SCC Grand Prix: Titled Tuesday Blitz"]
[Site "Chess.com"]
[Date "2020.09.29"]
[Round "9"]
[White "dodorox"]
[Black "northridgehawk"]
[Result "1-0"]
[WhiteElo "2059"]
[BlackElo "2303"]
[TimeControl "180+1"]
[EndTime "11:42:23 PDT"]
[Termination "dodorox won by checkmate"]

1. d4 f6 2. c4 Kf7 3. Nc3 e6 4. e4 Ne7 5. f4 d6 6. Nf3 Ng6 7. Bd3 Be7 8. O-O Re8 9. f5 Nf8 10. Nh4 Kg8 11. Qh5 e5 12. c5 exd4 13. Bc4+ Kh8 14.
Qf7 Nfd7 15. Rf3 Ne5 16. Ng6+ Nxg6 17. Qxg6 Bxf5 18. exf5 d5 19. Rh3 h6 20. Bxh6 Bxc5 21.
Qxg7# 1-0